 Dungeon Crawl Stone Soup version 0.28.0 (webtiles) character file.

Game seed: 17053794168869170160

952 inmateoo the Ruffian (level 7, 0/55 HPs)
             Began as a Demonspawn Delver on Feb 14, 2022.
             Was a Priest of Cheibriados.
             Slain by a hornet zombie (6 damage)
             ... on level 6 of the Dungeon.
             The game lasted 00:08:34 (8134 turns).

inmateoo the Ruffian (Demonspawn Delver)            Turns: 8134, Time: 00:08:35

Health: 0/55       AC:  7    Str: 23    XL:     7   Next: 90%
Magic:  9/9        EV: 12    Int: 19    God:    Cheibriados [***...]
Gold:   169        SH:  0    Dex: 22    Spells: 6/6 levels left

rFire   . . .      SeeInvis .     - Unarmed
rCold   . . .      Faith    .   (no shield)
rNeg    . . .      Spirit   .   u - +0 scale mail
rPois   +          Reflect  .   (helmet restricted)
rElec   .          Harm     .   (no cloak)
rCorr   .          Rampage  .   a - +0 pair of gloves
Will    .....                   (no boots)
Stlth   ++........              (no amulet)
HPRegen 0.18/turn               g - ring of poison resistance
MPRegen 0.11/turn               (no ring)

@: very slow
A: antennae 1, foul stench 1, powered by death 1
a: Renounce Religion, Bend Time, Temporal Distortion


You were on level 6 of the Dungeon.
You worshipped Cheibriados.
Cheibriados was most pleased with you.
You visited 2 branches of the dungeon, and saw 7 of its levels.

You collected 169 gold pieces.

Inventory:

Hand Weapons
 p - a +2 short sword of venom
Missiles
 m - 17 poisoned darts (quivered)
Armour
 a - a +0 pair of gloves (worn)
 u - a +0 scale mail (worn)
Jewellery
 g - a ring of poison resistance (left hand)
Wands
 f - a wand of digging (3)
 k - a wand of polymorph (4)
Scrolls
 b - 2 scrolls of fog
 c - 2 scrolls of magic mapping
 d - 3 scrolls of fear
 n - 3 scrolls of teleportation
Potions
 e - a potion of haste
 h - 3 potions of heal wounds
 j - 3 potions of invisibility
 l - 2 potions of flight {unknown}
 o - a potion of lignification {unknown}
 q - a potion of attraction {unknown}
 r - a potion of resistance
 s - 3 potions of might


   Skills:
 + Level 4.6 Fighting
 + Level 2.9 Armour
 + Level 3.5 Dodging
 - Level 4.5 Stealth
 * Level 5.7 Unarmed Combat
 + Level 3.6 Invocations


You had 6 spell levels left.
You didn't know any spells.
Your spell library contained the following spells:

 Spells                   Type           Power      Damage    Failure   Level
 Shock                    Conj/Air       0%         1d3       45%         1
 Static Discharge         Conj/Air       0%         N/A       61%         2
 Sublimation of Blood     Necr           0%         N/A       61%         2
 Swiftness                Air            0%         N/A       83%         3
 Airstrike                Air            0%         N/A       99%         4
 Dispel Undead            Necr           0%         3d6       99%         4
 Petrify                  Tmut/Erth      0%         N/A       99%         4
 Sticky Flame             Conj/Fire      0%         2d3       99%         4
 Irradiate                Conj/Tmut      0%         3d14      100%        5
 Iskenderun's Battlesphe  Conj           0%         2d6       100%        5
 Iron Shot                Conj/Erth      0%         9d1       100%        6
 Spellforged Servitor     Conj/Summ      0%         N/A       100%        7


Dungeon Overview and Level Annotations

Branches:
Dungeon (6/15)             Temple (1/1) D:5

Altars:
Ashenzari
Cheibriados
Dithmenos
Hepliaklqana
Makhleb
Nemelex Xobeh
Qazlal
Ru
Trog
Vehumet
Xom
Yredelemnul
Zin
The Shining One


Innate Abilities, Weirdness & Mutations

You have a pair of small antennae on your head.
You may rarely emit foul miasma when damaged in melee.
You regenerate a little health from kills.


Message History

You hit the hornet zombie.
The hornet zombie is moderately damaged.
The hornet zombie completely misses you.
The hornet zombie hits you!
You hit the hornet zombie.
The hornet zombie is moderately damaged.
The hornet zombie hits you!
You punch the hornet zombie!
The hornet zombie is heavily damaged.
The hornet zombie hits you.
Aiming: Corrosive Bolt
Press: ? - help, Shift-Dir - straight line, f/p - hornet zombie
Aim: a hornet zombie (heavily damaged, 75% to hit)
The bolt of acid hits the hornet zombie!
The acid corrodes the hornet zombie!
The hornet zombie is severely damaged.
The now-empty wand crumbles to dust.
The hornet zombie hits you.
You barely miss the hornet zombie.
The hornet zombie is severely damaged.
The hornet zombie hits you.
You closely miss the hornet zombie.
The hornet zombie is severely damaged.
The hornet zombie barely misses you. The hornet zombie hits you.
* * * LOW HITPOINT WARNING * * *
You hit the hornet zombie.
The hornet zombie is severely damaged.
The hornet zombie hits you.
* * * LOW HITPOINT WARNING * * *
You emit a cloud of foul miasma!
You hit the hornet zombie.
The hornet zombie is almost destroyed.
The hornet zombie hits you!
* * * LOW HITPOINT WARNING * * *
You hit the hornet zombie.
The hornet zombie is almost destroyed.
The hornet zombie barely misses you.
You barely miss the hornet zombie.
The hornet zombie is almost destroyed.
The hornet zombie hits you.
You die...

.# #.# #.# ####.###
..###..$...#
.........# #.Z....#
#..@...# ####.###
#.####### #.)......
#..##############
#####...............#
...................#.#
#######.##########.#.#
#.# #...#.#.#


You could see a hornet zombie (corroded).

Vanquished Creatures
  An ice beast (D:5)
  A sky beast (D:6)
  A phantom (D:5)
  A crimson imp (D:3)
  A bullfrog zombie (D:5)
  6 hounds
  A jelly (D:5)
  An orc priest (D:3)
  A bullfrog skeleton (D:4)
  A scorpion zombie (D:5)
  5 iguanas
  An orc wizard (D:5)
  7 adders
  A gnoll (D:1)
  2 white imps
  2 adder skeletons (D:4)
  2 dart slugs
  6 orcs
  5 ball pythons
  4 endoplasms
  2 giant cockroaches (D:2)
  10 goblins
  8 hobgoblins
  3 jackals (D:4)
  14 kobolds
  2 quokkas
  3 bats
  2 frilled lizards
  6 rats
100 creatures vanquished.

Vanquished Creatures (others)
  A plant (D:3)
1 creature vanquished.

Grand Total: 101 creatures vanquished

Notes
Turn   | Place    | Note
-------+----------+-------------------------------------------
     0 | D:5      | inmateoo the Demonspawn Delver began the quest for the Orb.
     0 | D:5      | Reached XP level 1. HP: 18/18 MP: 1/1
    26 | D:5      | Reached skill level 2 in Unarmed Combat
    26 | D:5      | Gained mutation: You regenerate a little health from kills.
                  | [demonic ancestry]
    26 | D:5      | Reached XP level 2. HP: 7/24 MP: 2/2
   288 | D:5      | Noticed an ice beast
  1261 | D:5      | Reached skill level 3 in Unarmed Combat
  1261 | D:5      | Reached XP level 3. HP: 23/29 MP: 3/3
  1849 | D:5      | Gained mutation: You have a pair of small antennae on your
                  | head. [demonic ancestry]
  1849 | D:5      | Reached XP level 4. HP: 24/35 MP: 4/4
  1982 | D:5      | Found a staircase to the Ecumenical Temple.
  1988 | Temple   | Entered the Ecumenical Temple
  2021 | Temple   | Became a worshipper of Cheibriados the Contemplative
  2413 | D:3      | Reached skill level 4 in Unarmed Combat
  2780 | D:1      | Reached * piety under Cheibriados
  2781 | D:1      | Reached skill level 1 in Armour
  3019 | D:1      | Reached XP level 5. HP: 36/41 MP: 5/5
  4273 | D:2      | Reached ** piety under Cheibriados
  4583 | D:3      | Found a transporter.
  4682 | D:3      | Found a shimmering altar of Xom.
  4860 | D:3      | Reached skill level 1 in Invocations
  4862 | D:3      | Found a transporter.
  5182 | D:4      | Reached XP level 6. HP: 23/48 MP: 7/7
  5651 | D:4      | Reached *** piety under Cheibriados
  6838 | D:5      | Killed an ice beast
  6839 | D:5      | Reached skill level 5 in Unarmed Combat
  6839 | D:5      | Gained mutation: You may rarely emit foul miasma when
                  | damaged in melee. [demonic ancestry]
  6839 | D:5      | Reached XP level 7. HP: 42/54 MP: 8/8
  8134 | D:6      | Slain by a hornet zombie

Illustrated notes

Levels and vault maps discovered:
D:1:      dpeg_arrival_oval, layout_basic
D:2:      wad_crossroads, layout_loops_cross, minmay_misc_feat_cross
D:3:      gammafunk_wand_slinger, layout_rooms, mainiacjoe_overflow_alcove_2
D:4:      minmay_goblin_kobold_castle, layout_basic, serial_curves,
          eino_curves_01, eino_curves_01, minmay_diced_spiral
D:5:      layout_cave_pods, minmay_temple_entry_fiery,
          hangedman_abyss_or_decor_jellyfish_corner, kennysheep_generic_room_16
D:6:      layout_basic, portal_sewer_entry_c, grunt_ministairs_4,
          lightli_minifort
Temple:   regret_index_temple_sigil_plot

Skill      XL: |  1  2  3  4  5  6  7 |
---------------+----------------------+-----
Unarmed Combat | 2 3 4 5 |  5.7
Dodging        | 2 3 |  3.5
Armour         | 1 2 |  2.9
Invocations    | 1 2 3 |  3.6
Fighting       | 4 |  4.6
Stealth        | |  4.5

Action                   |  1- 3 |  4- 6 |  7- 9 || total
-------------------------+-------+-------+-------++-------
Melee: Unarmed           |    52 |   116 |    78 ||   246
       Punch             |     2 |     5 |     1 ||     8
       Short sword       |       |   122 |       ||   122
Evoke: Wand              |       |     7 |     6 ||    13
  Use: Scroll            |       |     8 |       ||     8
 Stab: Sleeping          |     1 |    23 |     1 ||    25
       Distracted        |       |     1 |       ||     1
Armor: Leather armour    |    11 |    40 |       ||    51
       Scale mail        |       |     2 |    17 ||    19
Dodge: Dodged            |    28 |   122 |    37 ||   187
